 Dungeon Crawl Stone Soup version 0.29.1-1-gd02db6906a (webtiles) character file.

Game seed: 16221548373791257413

390 Icepheonix32 the Ducker (level 6, -4/43 HPs)
             Began as a Merfolk Transmuter on Sept 19, 2022.
             Slain by a gnoll
             ... wielding a +0 halberd
             ... led by a gnoll sergeant
              (10 damage)
             ... on level 4 of the Dungeon.
             The game lasted 00:04:42 (3722 turns).

Icepheonix32 the Ducker (Merfolk Transmuter)        Turns: 3722, Time: 00:04:43

Health: -4/43      AC:  6    Str: 10    XL:     6   Next: 80%
Magic:  5/10       EV: 23    Int: 14    God:
Gold:   222        SH:  0    Dex: 20    Spells: 0/10 levels left

rFire   . . .      SeeInvis .     - Unarmed
rCold   . . .      Faith    .   (shield currently unavailable)
rNeg    . . .      Spirit   .   (body armour currently unavailable)
rPois   x          Reflect  .   (helmet currently unavailable)
rElec   .          Harm     .   (cloak currently unavailable)
rCorr   .          Rampage  .   (gloves currently unavailable)
Will    .....                   (boots currently unavailable)
Stlth   ++........              (no amulet)
HPRegen 0.14/turn               i - +4 ring of protection
MPRegen 0.12/turn               (no ring)

@: mighty, brilliant, spider-form (expiring)
A: venomous fangs, tiny, (nimble swimmer 2), (mertail)
a: End Transformation


You were on level 4 of the Dungeon.
You were a venomous arachnid creature.
You visited 1 branch of the dungeon, and saw 4 of its levels.

You collected 222 gold pieces.

Inventory:

Missiles
 g - 6 curare-tipped darts
Armour
 a - a +0 robe (melded)
 c - a +0 pair of boots (melded)
 m - a +0 leather armour of cold resistance
Jewellery
 d - a ring of protection from fire
 e - an amulet of guardian spirit
 i - a +4 ring of protection (left front leg)
 p - a ring of ice
Wands
 k - a wand of digging (4)
Scrolls
 f - a scroll of enchant armour {unknown}
 h - a scroll of magic mapping {unknown}
 j - a scroll of brand weapon {unknown}
 o - a scroll of immolation {unknown}
 q - a scroll of blinking {unknown}
 r - a scroll of summoning {unknown}
Potions
 b - a potion of heal wounds {unknown}
 l - 2 potions of brilliance
 n - a potion of might


   Skills:
 + Level 1.2 Fighting
 * Level 5.3 Dodging
 + Level 1.3 Stealth
 + Level 4.4 Unarmed Combat
 + Level 2.9 Spellcasting
 * Level 5.3 Transmutations
 * Level 0.3 Ice Magic
 * Level 1.9 Poison Magic


You couldn't memorise any spells.
You knew the following spells:

 Your Spells              Type           Power      Damage    Failure   Level
a - Beastly Appendage     Tmut           50%        N/A       10%         1
b - Wereblood             Tmut           25%        N/A       12%         2
c - Spider Form           Tmut/Pois      18%        N/A       32%         3
d - Ice Form              Ice/Tmut       14%        N/A       77%         4

Your spell library contained the following spells:

 Spells                   Type           Power      Damage    Failure   Level
 Ozocubu's Armour         Ice            4%         N/A       71%         3
 Metabolic Englaciation   Hex/Ice        1%         N/A       100%        5
 Simulacrum               Ice/Necr       1%         N/A       100%        6


Dungeon Overview and Level Annotations

Branches:
Dungeon (4/15)
 Temple: D:4-7

Altars:


Innate Abilities, Weirdness & Mutations

You are a venomous arachnid creature.
You have poisonous fangs.
You are tiny and dextrous.
Your spellcasting is less reliable in this form.
Your armour is entirely melded.
You are incapable of wielding weapons or throwing items.
((You are very nimble when in or above water. (Stealth+, EV+, Speed+++)))
((Your lower body shifts to a powerful aquatic tail in water.))


Message History

You hiss as the wereblood boils in your veins!
The gnoll misses you. The gnoll hits you with a +0 spear.
* * * LOW HITPOINT WARNING * * *
The gnoll barely misses you. The gnoll attacks as you move away!
The gnoll closely misses you.
The gnoll hits you from afar with a +0 spear.
* * * LOW HITPOINT WARNING * * *
The gnoll misses you.
Items here: )) [ †.
Your primal bloodlust is almost over.
Items here: ( ))) [ ÷.
The gnoll misses you. The gnoll completely misses you.
You see here a +0 club.
Okay, then.
Okay, then.
You hiss as the wereblood boils in your veins!
The gnoll closely misses you.
Your primal bloodlust has ended.
The gnoll hits you but does no damage. The gnoll closely misses you.
You hit the gnoll.
The gnoll is poisoned.
The gnoll is lightly wounded.
The gnoll misses you. The gnoll hits you but does no damage.
You barely miss the gnoll.
The gnoll is lightly wounded.
You hit the gnoll.
The gnoll is moderately wounded.
The gnoll hits you from afar with a +0 halberd.
* * * LOW HITPOINT WARNING * * *
The gnoll barely misses you.
You bite the gnoll!
You kill the gnoll!
Your transformation is almost over.
The gnoll misses you. The gnoll completely misses you.
The gnoll closely misses you.
Things that are here:
a +0 spear; a +0 club Unknown command.
You barely miss the gnoll. The gnoll closely misses you.
The gnoll hits you with a +0 halberd!
You die...

...........### #.......#####..##
...##........####.........###.##
#######....#........#####.##<.#
###..######.....###....## #..#
#........##..#### #..###
#.>...##.##......
#########....####...#........###.
.......##.....)#..###....†##...##
.......###.###.(s##...###..###..#
.......###.###[#gg..### ##....#..
.[......÷........#.........##...<
.......#.#.##.......######.....##
......)#.#.####..>..... .[###.#
.......#.............## ##.. .#
##########.###.......# ### .#
#####.##........# ..
#......††..##..... .#


You could see 2 gnolls.

Vanquished Creatures
  Menkaure (D:4)
  A gnoll sergeant (D:4)
  A scorpion (D:3)
  An orc wizard (D:4)
  2 gnolls (D:4)
  4 adders
  3 dart slugs
  6 orcs
  2 endoplasms (D:1)
  2 giant cockroaches
  3 goblins
  8 hobgoblins
  7 jackals
  8 kobolds
  A quokka (D:3)
  5 ball pythons
  3 bats
  3 frilled lizards (D:1)
  4 rats
65 creatures vanquished.

Notes
Turn   | Place    | Note
-------+----------+-------------------------------------------
     0 | D:1      | Icepheonix32 the Merfolk Transmuter began the quest for the
                  | Orb.
     0 | D:1      | Reached XP level 1. HP: 15/15 MP: 3/3
   219 | D:1      | Reached XP level 2. HP: 18/21 MP: 1/5
   503 | D:1      | Found a faded altar of an unknown god.
   659 | D:1      | Reached XP level 3. HP: 23/26 MP: 4/6
   806 | D:1      | Learned a level 2 spell: Wereblood
   810 | D:1      | Learned a level 3 spell: Spider Form
  2208 | D:3      | Reached skill level 1 in Stealth
  2208 | D:3      | Reached XP level 4. HP: 32/32 MP: 7/7
  2564 | D:3      | Noticed a scorpion
  2579 | D:3      | Killed a scorpion
  2580 | D:3      | Reached skill level 1 in Poison Magic
  2580 | D:3      | Reached XP level 5. HP: 37/37 MP: 1/8
  3265 | D:4      | Noticed Menkaure
  3294 | D:4      | Killed Menkaure
  3295 | D:4      | Reached skill level 5 in Dodging
  3295 | D:4      | Reached skill level 5 in Transmutations
  3295 | D:4      | Reached XP level 6. HP: 16/43 MP: 3/9
  3609 | D:3      | Learned a level 4 spell: Ice Form
  3722 | D:4      | Slain by a gnoll

Illustrated notes

Levels and vault maps discovered:
D:1:      minmay_arrival_hallway, layout_basic,
          ebering_ecumenical_altar_sacrificial
D:2:      layout_rooms, roderic_roman_lattice, kennysheep_generic_room_14
D:3:      layout_basic, serial_co_window_serial, co_window_paths_a,
          co_window_paths_a, co_window_corner_a, co_window_of_opportunity_a,
          co_window_cross_1, co_window_corner_ca, co_window_paths_c,
          co_window_corner_b, co_window_cross_3, glass_columns_a,
          glass_columns_b, glass_columns_a, dk_noncrumbling_2
D:4:      layout_rooms, okawaru_metal_pillars_1_2,
          chequers_serial_rivers_small_3, uniq_menkaure, uniq_grinder

Skill      XL: |  1  2  3  4  5 |
---------------+----------------+-----
Transmutations | 3 4 5 |  5.3
Dodging        | 3 4 5 |  5.3
Stealth        | 1 |  1.3
Poison Magic   | 1 |  1.9
Unarmed Combat | 4 |  4.4
Fighting       | |  1.2
Spellcasting   | |  2.9
Ice Magic      | |  0.3

Action                   |  1- 3 |  4- 6 || total
-------------------------+-------+-------++-------
Melee: Unarmed           |   116 |    98 ||   214
       Headbutt          |    14 |     8 ||    22
       Punch             |     2 |     1 ||     3
       Tailslap          |       |     1 ||     1
 Cast: Beastly Appendage |    29 |    14 ||    43
       Spider Form       |       |     4 ||     4
       Wereblood         |       |     2 ||     2
  Use: Scroll            |     1 |     1 ||     2
       Potion            |       |     7 ||     7
Armor: Robe              |    27 |    22 ||    49
       Skin              |       |    12 ||    12
Dodge: Dodged            |    77 |   113 ||   190
